 Dungeon Crawl Stone Soup version 0.16-a0-3354-g045d5c7 (webtiles) character file.

400 BluebellGnoll the Slasher (level 6, 0/39 HPs)
             Began as an Octopode Wanderer on Dec 29, 2014.
             Was a Follower of Nemelex Xobeh.
             Slain by a wight
             ... wielding a cursed +1 halberd
              (7 damage)
             ... on level 4 of the Dungeon.
             The game lasted 00:11:11 (2754 turns).

BluebellGnoll the Slasher (Octopode Wanderer)       Turns: 2754, Time: 00:11:12

Health: 0/39       AC:  1    Str: 15    XL:     6   Next: 84%
Magic:  6/6        EV: 13    Int: 16    God:    Nemelex Xobeh [*.....]
Gold:   279        SH:  0    Dex: 13    Spells: 0 memorised, 5 levels left

rFire  . . .     SeeInvis .     b - +0 falchion
rCold  + . .     Clarity  .     (no shield)
rNeg   + . .     SustAb   .     (helmet restricted)
rPois  .         Gourm    .     h - amulet of warding
rElec  .         Spirit   .     a - ring of wizardry
rCorr  .         Warding  +     g - +5 ring of strength
rMut   .         Stasis   .     E - ring of protection from cold
MR     .....                    (no ring)
Stlth  +++.......               (no ring)
                                (no ring)
                                (no ring)
                                (no ring)

@: hasted, drained, very quick, not resistant to hostile enchantments, fairly
stealthy
A: almost no armour, amphibious, 8 rings, constrict 8, camouflage 1, gelatinous
body 1
a: Renounce Religion


You were on level 4 of the Dungeon.
You worshipped Nemelex Xobeh.
Nemelex Xobeh was aware of your devotion.
You were not hungry.

You visited 1 branch of the dungeon, and saw 4 of its levels.

You collected 279 gold pieces.

Inventory:

Hand weapons
 b - a +0 falchion (weapon)
 e - a +0 dagger
Missiles
 v - 8 poisoned needles
 A - a throwing net (quivered)
 B - 3 tomahawks
Jewellery
 a - a ring of wizardry (left tentacle)
 g - a +5 ring of strength (right tentacle)
 h - an amulet of warding (around mantle)
 k - an uncursed amulet of resist mutation
 E - a ring of protection from cold (on tentacle)
Magical devices
 u - a wand of paralysis (7)
Scrolls
 c - a scroll of teleportation
 i - 3 scrolls of identify
 m - 2 scrolls of remove curse {unknown}
 q - a scroll of amnesia {unknown}
 r - 3 scrolls of noise {unknown}
 t - 2 scrolls of enchant armour {unknown}
 y - a scroll of fear {unknown}
Potions
 d - a potion of might
 o - a potion of magic
 s - a potion of flight
 z - a potion of mutation
Miscellaneous
 w - a plain deck of defence {drawn: 3}
 D - a plain deck of war
Comestibles
 f - 3 bread rations
 l - a meat ration
 n - a slice of pizza


   Skills:
 - Level 2.0(1.6) Fighting
 - Level 1.0(3.4) Short Blades
 + Level 6.1(5.6) Long Blades
 - Level 1.0(0.5) Throwing
 - Level 4.0(3.5) Dodging
 - Level 2.9(2.4) Stealth


You had 5 spell levels left.
You didn't know any spells.

Dungeon Overview and Level Annotations

Branches:
Dungeon (4/15)
 Temple: D:4-7

Altars:
Elyvilon
Nemelex Xobeh
Xom
Yredelemnul
The Shining One


Innate Abilities, Weirdness & Mutations

You cannot wear most types of armour.
You are amphibious.
You can wear up to eight rings at the same time.
You can use your tentacles to constrict many enemies at once.
Your skin changes colour to match your surroundings (Stealth).
Your rubbery body absorbs attacks (AC +1).


Message History

You constrict the wight, but do no damage.
The wight barely misses you. The wight misses you.
You hit the wight.
The wight is heavily damaged.
You constrict the wight. The wight misses you. The wight closely misses you.
You barely miss the wight.
The wight is heavily damaged.
You constrict the wight.
The wight hits you with a short sword of flaming!
* * * LOW HITPOINT WARNING * * *
You partially resist.
You feel drained. The wight burns you.
* * * LOW HITPOINT WARNING * * *
The wight barely misses you.
You release your grip on the wight.
You see here a short sword.
Drink which item? (? for menu, Esc to quit)
You feel yourself speed up. The wight closely misses you.
The wight hits you from afar with an enchanted halberd!
You die...
Your body disappears without a glow.

# #............# #
#............# #
#............# #
#............# #
#............# #
#.)..........# #
#....z.......# #
#######....z.......#
#
#..........@.......#
#
#..................#
#
#..................#
#
#..................#
#
#..................#
#
####################


You could see 2 wights.

Vanquished Creatures
  An ogre (D:4)
  2 wights (D:4)
  2 hounds (D:4)
  An iguana (D:4)
  A worker ant (D:4)
  5 adders
  11 orcs
  11 bats
  5 giant cockroaches
  12 hobgoblins
  2 quokkas
  5 ball pythons
  4 giant newts
  5 goblins
  2 jackals (D:2)
  7 kobolds
  11 rats
87 creatures vanquished.

Notes
Turn   | Place    | Note
--------------------------------------------------------------
     0 | D:1      | BluebellGnoll, the Octopode Wanderer, began the quest for the Orb.
     0 | D:1      | BluebellGnoll set off with: a +0 falchion, a scroll of teleportation, a +0 dagger, a bread ration
     0 | D:1      | Reached XP level 1. HP: 14/14 MP: 1/1
    67 | D:1      | Reached XP level 2. HP: 14/19 MP: 2/2
   474 | D:1      | Reached XP level 3. HP: 16/24 MP: 3/3
   678 | D:2      | Found a basalt altar of Yredelemnul.
  1021 | D:2      | Reached XP level 4. HP: 15/29 MP: 4/4
  1274 | D:2      | Found a glowing golden altar of the Shining One.
  1415 | D:3      | Found a shimmering altar of Xom.
  1435 | D:3      | Reached skill level 4 in Dodging
  1614 | D:3      | Found a white marble altar of Elyvilon.
  1707 | D:3      | Found a sparkling altar of Nemelex Xobeh.
  1764 | D:3      | Became a worshipper of Nemelex Xobeh the Trickster
  1874 | D:4      | Reached XP level 5. HP: 34/34 MP: 5/5
  1879 | D:4      | Received a gift from Nemelex Xobeh
  2268 | D:4      | Noticed an ogre
  2278 | D:4      | Killed an ogre
  2278 | D:4      | Reached skill level 5 in Long Blades
  2278 | D:4      | Reached XP level 6. HP: 8/39 MP: 6/6
  2539 | D:4      | Received a gift from Nemelex Xobeh
  2737 | D:4      | Reached skill level 6 in Long Blades
  2754 | D:4      | Slain by a wight

Action                   |  1- 3 |  4- 6 || total
-------------------------+-------+-------++-------
Melee: Falchion          |    79 |   104 ||   183
Evoke: Deck              |       |     8 ||     8
  Use: Scroll            |       |     6 ||     6
       Potion            |       |     1 ||     1
 Stab: Sleeping          |    10 |     5 ||    15
       Distracted        |     1 |     2 ||     3
  Eat: Chunk             |       |     6 ||     6
